 Dungeon Crawl Stone Soup version 0.22.1-2-g9c5b331 (webtiles) character file.

76 whitewolfNL the Cudgeler (level 4, 0/40 HPs)
             Began as a Minotaur Berserker on Nov 28, 2018.
             Was a Believer of Trog.
             Succumbed to an adder's poison
             ... on level 2 of the Dungeon.
             The game lasted 00:05:20 (1980 turns).

whitewolfNL the Cudgeler (Minotaur Berserker)       Turns: 1980, Time: 00:05:20

Health: 0/40       AC:  3    Str: 19 (22) XL:     4   Next: 12%
Magic:  3/3        EV: 12    Int:  2 (5)  God:    Trog [**....]
Gold:   31         SH:  0    Dex:  8 (9)  Spells: 3/3 levels left

rFire    . . .     SeeInvis .   a - +1 mace
rCold    . . .     Gourm    .   (no shield)
rNeg     . . .     Faith    .   l - +0 leather armour
rPois    .         Spirit   .   (helmet restricted)
rElec    .         Reflect  .   (no cloak)
rCorr    .         Harm     .   (no gloves)
MR       .....                  (no boots)
Stlth    +.........             (no amulet)
HPRegen  0.13/turn              (no ring)
MPRegen  0.08/turn              (no ring)

@: lethally poisoned (0 -> -3)
A: retaliatory headbutt, horns 2
a: Berserk, Trog's Hand, Renounce Religion


You were on level 2 of the Dungeon.
You worshipped Trog.
Trog was pleased with you.
You were very full.

You visited 1 branch of the dungeon, and saw 2 of its levels.

You collected 31 gold pieces.

Inventory:

Hand Weapons
 a - a +1 mace (weapon)
Missiles
 d - 34 stones (quivered)
 h - 20 bolts
 i - 24 arrows
 m - 21 sling bullets
Armour
 l - a +0 leather armour (worn)
Scrolls
 e - a scroll of identify {unknown}
 g - a scroll of teleportation {unknown}
 j - a scroll of fog {unknown}
 k - a scroll of immolation {unknown}
 n - a scroll of remove curse {unknown}
 o - a scroll of amnesia {unknown}


   Skills:
 + Level 4.2 Fighting
 * Level 4.9 Maces & Flails
 * Level 2.7 Armour
 * Level 2.7 Dodging
 * Level 0.8 Stealth


You had 3 spell levels left.
You didn't know any spells.
Your spell library was empty.

Dungeon Overview and Level Annotations

Branches:
Dungeon (2/15)

Altars:


Innate Abilities, Weirdness & Mutations

You reflexively headbutt those who attack you in melee.
You have a pair of horns on your head.


Message History

You feel sick.
* * * LOW HITPOINT WARNING * * *
You feel sick.
* * * LOW HITPOINT WARNING * * *
You feel sick.
* * * LOW HITPOINT WARNING * * *
You feel sick.
You eat one of the 2 rations.
That ration really hit the spot!
* * * LOW HITPOINT WARNING * * *
You feel sick.
* * * LOW HITPOINT WARNING * * *
You feel sick.
* * * LOW HITPOINT WARNING * * *
You feel sick.
You eat the ration.
That ration really hit the spot!
* * * LOW HITPOINT WARNING * * *
You feel sick.
* * * LOW HITPOINT WARNING * * *
You feel sick.
You die...

#.######....##..............
#......'....####.[..........
##...#####...###....#8###⌠###
#8...8# #8...8##.#..#########
##...#####...###.##.###.#....
#...##⌠##...# #.##..##.#....
##...........###.###.##.#....
#8...........8##.# #..#.#....
##..........@##..# ##.#.#....
##8###⌠###8#########.#.#....
####### ### #.).......#####
....##############..#
#.#.#.....#.#.......#
#.#.#.###)#.#.###..>#####
#.#.#.###.#.#.# #.#......
#.#.#.......#.# #.#......
#########.#.#####.#.#.#
#.#......


There were no monsters in sight!

Vanquished Creatures
  3 adders (D:2)
  4 dart slugs
  A leopard gecko (D:1)
  6 bats
  4 giant cockroaches
  4 goblins
  7 hobgoblins (D:1)
  4 kobolds
  3 frilled lizards
  2 rats (D:2)
38 creatures vanquished.

Notes
Turn   | Place    | Note
-------+----------+-------------------------------------------
     0 | D:1      | whitewolfNL the Minotaur Berserker began the quest for the
                  | Orb.
     0 | D:1      | Reached XP level 1. HP: 19/19 MP: 0/0
   296 | D:1      | Reached XP level 2. HP: 22/27 MP: 1/1
   993 | D:1      | Reached XP level 3. HP: 23/33 MP: 2/2
  1449 | D:2      | Reached ** piety under Trog
  1965 | D:2      | Reached XP level 4. HP: 10/40 MP: 3/3
  1976 | D:2      | HP: 2/40 [poisoned by an adder]
  1980 | D:2      | Succumbed to an adder's poison

Skill      XL: |  1  2 |
---------------+-------+-----
Maces & Flails | 4 |  4.9
Fighting       | 4 |  4.2
Armour         | |  2.7
Dodging        | |  2.7
Stealth        | |  0.8

Action                   |  1- 3 |  4- 6 || total
-------------------------+-------+-------++-------
Melee: Mace              |    82 |       ||    82
       Headbutt          |    14 |       ||    14
  Use: Scroll            |       |     1 ||     1
       Potion            |       |     1 ||     1
  Eat: Chunk             |     3 |       ||     3
       Ration            |       |     2 ||     2
Armor: Animal skin       |    13 |       ||    13
       Leather armour    |     8 |       ||     8
Dodge: Dodged            |    53 |       ||    53
